 Dungeon Crawl Stone Soup version 0.21-a0-84-g85d6d27 (webtiles) character file.

17040 Monsterracer the Grappler (level 12, -4/114 HPs)
             Began as a Troll Monk on June 24, 2017.
             Was a High Priest of Cheibriados.
             Slain by a six-headed hydra (10 damage)
             ... on level 2 of the Lair of Beasts.
             The game lasted 00:25:14 (9123 turns).

Monsterracer the Grappler (Troll Monk)              Turns: 9123, Time: 00:25:15

Health: -4/114     AC:  9    Str: 32 (33) XL:     12   Next: 15%
Magic:  18/18      EV: 15    Int: 20 (21) God:    Cheibriados [*****.]
Gold:   548        SH: 12    Dex: 31 (33) Spells: 7/11 levels left

rFire    . . .     SeeInvis .     - Unarmed
rCold    . . .     Gourm    +   d - +0 shield
rNeg     . . .     Faith    .   a - +1 robe
rPois    .         Spirit   .   (helmet restricted)
rElec    .         Reflect  .   w - +2 cloak
rCorr    .         Harm     .   (gloves unavailable)
MR       .....                  (boots unavailable)
Stlth    ++++......             (no amulet)
HPRegen  0.69/turn              x - +4 ring of dexterity
MPRegen  0.16/turn              t - +2 ring of intelligence

@: frozen, very slow
A: unfitting armour, claws 3, camouflage 1, deterioration 1, fast metabolism 3,
gourmand, regeneration 1, shaggy fur 1, tough skin 2, weak 1
a: Bend Time, Temporal Distortion, Slouch, Step From Time, Renounce Religion


You were on level 2 of the Lair of Beasts.
You worshipped Cheibriados.
Cheibriados was extremely pleased with you.
You were very full.

You visited 2 branches of the dungeon, and saw 12 of its levels.
You also visited: Bailey.

You collected 548 gold pieces.

Inventory:

Hand Weapons
 r - the +9 mace of Untimely Demise {crush, Str+5}
   (You found it on level 4 of the Dungeon)

   It inflicts extra damage upon your enemies.
   It affects your strength (+5).
Missiles
 l - a throwing net
 o - 157 stones (quivered)
Armour
 a - a +1 robe (worn)
 d - a +0 shield (worn)
 w - a +2 cloak (worn)
Jewellery
 q - an uncursed ring of fire
 t - a +2 ring of intelligence (right claw)
 x - a +4 ring of dexterity (left claw)
Wands
 f - a wand of iceblast (12/15)
 n - a wand of lightning (1/15)
 y - a wand of digging (7/24)
Scrolls
 e - 11 scrolls of identify
 g - a scroll of remove curse
 i - 2 scrolls of magic mapping
 j - a scroll of fear
 s - 2 scrolls of teleportation
 u - a scroll of fog
 A - a scroll of enchant armour
Potions
 c - 2 potions of mutation
 h - 4 potions of might
 k - 3 potions of curing
 m - 3 potions of brilliance
 v - a potion of heal wounds
Comestibles
 b - 12 bread rations
 p - 2 royal jellies
 z - 9 meat rations


   Skills:
 + Level 6.2 Fighting
 + Level 5.7 Throwing
 + Level 6.3 Dodging
 - Level 1.0 Stealth
 + Level 5.0 Shields
 * Level 11.4 Unarmed Combat
 - Level 10.1 Invocations


You had 7 spell levels left.
You knew the following spells:

 Your Spells              Type           Power        Failure   Level  Hunger
a - Call Imp              Summ           #.......     56%         2    ###....
b - Blink                 Tloc           N/A          56%         2    ###....


Dungeon Overview and Level Annotations

Branches:
Dungeon (9/15)             Temple (0/1) D:6            Lair (3/6) D:9
  Swamp: Lair:2-4    Shoals: Lair:2-4     Snake: Lair:2-4    Spider: Lair:2-4
    Orc: D:9-12

Altars:
Cheibriados
Dithmenos
Fedhas
Gozag
Makhleb
Sif Muna
Trog
Uskayaw
Vehumet
Wu Jian
Xom
Yredelemnul

Shops:
D:4 [


Innate Abilities, Weirdness & Mutations

You are too large for most types of armour.
You have claws for hands.
Your metabolism is lightning-fast.
You like to eat raw meat.
Your natural rate of healing is unusually fast.
You are covered in fur. (AC +1)
You have very tough skin. (AC +2)
Your skin changes colour to match your surroundings (Stealth+).
Your body sometimes deteriorates upon taking damage.
You are weak. (Str -2)


Message History

The six-headed hydra bites you.
* * * LOW HITPOINT WARNING * * *
You block the six-headed hydra's attack.
The six-headed hydra bites you!
* * * LOW HITPOINT WARNING * * *
The six-headed hydra closely misses you.
The rime drake closely misses you.
Huge Dmg: -26%(-30hp) hp: 28%(31hp)
You barely miss the rime drake. The rime drake breathes ice at you.
The flash freeze hits you!
* * * LOW HITPOINT WARNING * * *
You are encased in ice.
The six-headed hydra closely misses you.
The six-headed hydra bites you but does no damage.
You block the six-headed hydra's attack.
The six-headed hydra bites you.
* * * LOW HITPOINT WARNING * * *
The six-headed hydra bites you!
You die...

.................................
...................##..####......
.##.##...#..##......#.####.....#.
..#.##.#.#.##......##..........##
.#..P#......#......##..........##
.#...........#...........#.....##
..#..#.......#.....##..........#.
..#.##......#......##.....#......
..#.##..........@D.P#....##....##
###.##.......#..k..P#....##....##
##...###.###P#.....###..###....##
.....##...####......#####.#....#.
.................................
.........................<.......
.................................
.................................
#.....####.#.....#.####...##.....


You could see a six-headed hydra and a rime drake.

Vanquished Creatures
  3 two-headed ogres (D:9)
  An orc knight (Bailey)
  2 spiny frogs
  3 komodo dragons (Lair:1)
  A merfolk (D:9)
  2 hippogriffs
  15 yaks
  Duvessa (D:4)
  3 water moccasins
  2 porcupines
  A black bear (D:9)
  2 ice beasts
  18 orc warriors
  A necrophage (D:7)
  3 sky beasts
  4 ogres
  3 centaurs
  3 crocodiles
  16 bullfrogs
  Dowan (D:4)
  5 scorpions
  3 wights (D:8)
  A howler monkey (D:4)
  An electric eel (Lair:2)
  8 crimson imps
  A bullfrog zombie (D:9)
  A centaur skeleton (D:7)
  A centaur zombie (D:5)
  2 bullfrog skeletons
  2 hounds
  A jelly (D:7)
  7 orc priests
  Crazy Yiuf (D:4)
  2 iguanas
  Jessica (D:2)
  Terence (D:2)
  Natasha (thrice) (D:2)
  4 orc wizards
  5 worker ants
  A killer bee zombie (D:5)
  A worker ant zombie (D:9)
  11 adders
  2 shadow imps
  4 worms
  A dart slug (D:1)
  5 leopard geckos
  36 orcs
  5 giant cockroaches
  6 goblins
  7 hobgoblins
  9 jackals
  A quokka (D:5)
  A ball python (D:4)
  8 bats
  4 frilled lizards
  4 kobolds
  A leopard gecko skeleton (D:4)
  A quokka skeleton (D:5)
  A quokka zombie (D:4)
  3 rats
  A bush (D:4)
  4 plants
252 creatures vanquished.

Vanquished Creatures (collateral kills)
  A phantom (D:8)
1 creature vanquished.

Vanquished Creatures (others)
  A bush (Lair:2)
  A fungus (Lair:1)
2 creatures vanquished.

Grand Total: 255 creatures vanquished

Notes
Turn   | Place    | Note
-------+----------+-------------------------------------------
     0 | D:1      | Monsterracer the Troll Monk began the quest for the Orb.
     0 | D:1      | Reached XP level 1. HP: 22/22 MP: 0/0
   175 | D:1      | Gained mutation: You are weak. (Str -2) [potion of mutation]
   175 | D:1      | Gained mutation: Your body sometimes deteriorates upon taking damage. [potion of mutation]
   175 | D:1      | Gained mutation: Your skin changes colour to match your surroundings (Stealth+). [potion of mutation]
   213 | D:1      | Reached XP level 2. HP: 29/29 MP: 1/1
   458 | D:2      | Noticed Natasha
   474 | D:2      | Killed Natasha
   474 | D:2      | Reached skill level 4 in Unarmed Combat
   474 | D:2      | Reached XP level 3. HP: 30/36 MP: 2/2
   542 | D:2      | Found a deep blue altar of Sif Muna.
   646 | D:2      | Noticed Natasha
   652 | D:2      | Killed Natasha
   652 | D:2      | Reached skill level 5 in Unarmed Combat
   652 | D:2      | Reached XP level 4. HP: 31/44 MP: 3/3
   972 | D:2      | Noticed a bullfrog
  1056 | D:2      | Noticed Terence
  1057 | D:2      | Noticed Jessica
  1072 | D:2      | Killed Jessica
  1072 | D:2      | Reached XP level 5. HP: 49/50 MP: 4/4
  1076 | D:2      | Killed Terence
  1076 | D:2      | Reached skill level 6 in Unarmed Combat
  1209 | D:2      | Noticed Natasha
  1214 | D:2      | Killed Natasha
  1362 | D:3      | Reached XP level 6. HP: 46/59 MP: 5/5
  1393 | D:3      | Found a shadowy altar of Dithmenos.
  1673 | D:3      | Found a radiant altar of Vehumet.
  1674 | D:3      | Found a burning altar of Makhleb.
  1965 | D:4      | Found Qiusaptyob's Antique Armour Emporium.
  2013 | D:4      | Found a snail-covered altar of Cheibriados.
  2040 | D:4      | Reached skill level 7 in Unarmed Combat
  2087 | D:4      | Became a worshipper of Cheibriados the Contemplative
  2087 | D:4      | Reached * piety under Cheibriados
  2087 | D:4      | Reached ** piety under Cheibriados
  2117 | D:4      | Noticed Duvessa
  2117 | D:4      | Noticed Dowan
  2130 | D:4      | Killed Duvessa
  2130 | D:4      | Reached XP level 7. HP: 64/67 MP: 6/6
  2145 | D:4      | Killed Dowan
  2209 | D:4      | Reached skill level 1 in Invocations
  2338 | D:4      | Got an ebony mace
  2339 | D:4      | Identified the +9 mace of Untimely Demise {crush, Str+5} (You found it on level 4 of the Dungeon)
  2590 | D:4      | Found a runed door.
  2594 | D:4      | Noticed Crazy Yiuf
  2600 | D:4      | Killed Crazy Yiuf
  2668 | D:5      | Entered Level 5 of the Dungeon
  2790 | D:5      | Found a shimmering altar of Xom.
  2809 | D:5      | Reached skill level 1 in Shields
  2964 | D:5      | Reached skill level 1 in Throwing
  2964 | D:5      | Reached XP level 8. HP: 75/75 MP: 8/8
  2984 | D:5      | Found an ornate altar of the Wu Jian Council.
  2984 | D:5      | Found a bloodstained altar of Trog.
  3005 | D:5      | Found a blossoming altar of Fedhas.
  3007 | D:5      | Found a faded altar of an unknown god.
  3009 | D:5      | Found a faded altar of an unknown god.
  3278 | D:5      | Reached *** piety under Cheibriados
  3492 | D:6      | Reached skill level 8 in Unarmed Combat
  3655 | D:6      | Found an opulent altar of Gozag.
  3748 | D:6      | Found a hide-covered altar of Uskayaw.
  3799 | D:6      | Found a staircase to the Ecumenical Temple.
  4055 | D:7      | Reached XP level 9. HP: 84/84 MP: 10/10
  4168 | D:7      | Reached **** piety under Cheibriados
  4215 | D:7      | Identified the Handbook of Helpful Air
  4274 | D:7      | Reached skill level 9 in Unarmed Combat
  4496 | D:7      | Learned a level 2 spell: Call Imp
  4518 | D:7      | Learned a level 2 spell: Blink
  4815 | D:8      | Found a flagged portal.
  4836 | Bailey   | Entered a bailey
  4982 | Bailey   | Reached skill level 5 in Dodging
  5029 | Bailey   | Noticed an orc knight
  5037 | Bailey   | HP: 1/87 [orc warrior/enchanted halberd (4)]
  5044 | Bailey   | Killed an orc knight
  5044 | Bailey   | Reached skill level 5 in Fighting
  5044 | Bailey   | Reached XP level 10. HP: 12/96 MP: 3/12
  5053 | Bailey   | Reached skill level 10 in Invocations
  5053 | Bailey   | Reached XP level 11. HP: 23/102 MP: 5/17
  5669 | D:8      | Reached skill level 10 in Unarmed Combat
  6357 | D:9      | Noticed a two-headed ogre
  6366 | D:9      | Killed a two-headed ogre
  6448 | D:9      | Noticed a two-headed ogre
  6459 | D:9      | Killed a two-headed ogre
  6547 | D:9      | Noticed a two-headed ogre
  6555 | D:9      | Killed a two-headed ogre
  6626 | D:9      | Found a staircase to the Lair.
  6767 | D:9      | Reached ***** piety under Cheibriados
  7124 | D:8      | Found a basalt altar of Yredelemnul.
  7158 | D:9      | Reached skill level 5 in Throwing
  7335 | Lair:1   | Entered Level 1 of the Lair of Beasts
  7670 | Lair:1   | Reached skill level 11 in Unarmed Combat
  8094 | Lair:1   | Reached XP level 12. HP: 114/114 MP: 18/18
  8942 | Lair:2   | Reached skill level 5 in Shields
  9115 | Lair:3   | Noticed a six-headed hydra
  9123 | Lair:2   | Slain by a six-headed hydra

Vault maps used:
D:1:      saegor_arrival_simple_c
D:2:      led_sif_pool, lightli_corner_chamber, uniq_natasha, uniq_terence,
          uniq_jessica
D:3:      grunt_temple_overflow_lords_of_destruction, first_bread,
          grunt_dithmenos_smoke_and_mirrors
D:4:      lemuel_round_altar, serial_shops, nicolae_shop_overgrown_old_shop,
          uniq_duvessa, uniq_crazy_yiuf_cottage
D:5:      chequers_temple_overflow_minitemple, old_standard_altar,
          grunt_decor_cap
D:6:      kennysheep_little_box, marbit_many_paths,
          minmay_temple_entry_statues_pillars
D:8:      nicolae_overflow_hidden_temple, enter_bailey_3
D:9:      grunt_lair_entry_orc_guard_hut, hangedman_fish_farm
Lair:1:   serial_bayou_pond_e
Lair:2:   serial_bayou_shore_a
Lair:3:   dummy_snake_entry, nicolae_volcano_entry_vermiform
Bailey:   bailey_polearm_2, bailey

Skill      XL: |  1  2  3  4  5  6  7  8  9 10 11 12 |
---------------+-------------------------------------+-----
Unarmed Combat | 4 5 6 7 8 9 11 | 11.4
Dodging        | 3 4 5 6 |  6.3
Fighting       | 3 4 5 6 |  6.2
Invocations    | 1 3 4 10 | 10.1
Shields        | 1 2 3 4 5 |  5.0
Throwing       | 1 2 4 5 |  5.7
Stealth        | |  1.0

Action                   |  1- 3 |  4- 6 |  7- 9 | 10-12 || total
-------------------------+-------+-------+-------+-------++-------
Melee: Unarmed           |    56 |   113 |   267 |   321 ||   757
       Punch             |     1 |     5 |     9 |       ||    15
Throw: Stone             |       |     1 |    55 |    92 ||   148
Invok: Bend Time         |       |       |     3 |     2 ||     5
       Slouch            |       |       |     1 |       ||     1
       Temporal Distorti |       |       |       |     2 ||     2
Evoke: Wand              |       |       |     6 |     1 ||     7
  Use: Potion            |     5 |     1 |     4 |     1 ||    11
       Scroll            |       |     3 |    14 |     5 ||    22
 Stab: Sleeping          |     4 |     8 |     7 |     2 ||    21
       Distracted        |       |     1 |     2 |       ||     3
  Eat: Chunk             |    10 |    15 |    18 |    27 ||    70
Armor: Robe              |    15 |    29 |    49 |    36 ||   129
Dodge: Dodged            |    20 |    48 |   110 |   111 ||   289
Block: Shield            |       |       |    61 |   145 ||   206
